 Dungeon Crawl Stone Soup version 0.18.1-8-gdd0e5ea (webtiles) character file.

594 Scarto the Skirmisher (level 7, -7/82 HPs)
             Began as a Demonspawn Berserker on May 25, 2016.
             Was a Priest of Trog.
             Mangled by an ogre
             ... wielding a +0 giant club
              (16 damage)
             ... on level 5 of the Dungeon.
             The game lasted 00:07:06 (3613 turns).

Scarto the Skirmisher (Demonspawn Berserker)        Turns: 3613, Time: 00:07:06

Health: -7/82      AC: 10    Str: 24    XL:     7   Next: 16%
Magic:  7/7        EV:  4    Int:  8    God:    Trog [***...]
Gold:   81         SH: 14    Dex: 13    Spells: 0 memorised, 6 levels left

rFire  . . .     SeeInvis +     r - +1 hand axe (chop)
rCold  . . .     Gourm    .     i - +0 chain mail
rNeg   . . .     Faith    .     j - +2 large shield
rPois  +         Spirit   .     (no helmet)
rElec  .         Dismiss  .     (no cloak)
rCorr  .         Reflect  .     (no gloves)
SustAt .         Harm     .     (no boots)
MR     .....                    (no amulet)
Stlth  ..........               o - ring of see invisible
                                s - ring of poison resistance

@: berserking, very quick, not resistant to hostile enchantments, extremely
unstealthy
A: hooves 2, molten scales 1, demonic guardian 1, nightstalker 1
a: Berserk, Trog's Hand, Burn Spellbooks, Renounce Religion


You were on level 5 of the Dungeon.
You worshipped Trog.
Trog was most pleased with you.
You were not hungry.

You visited 1 branch of the dungeon, and saw 5 of its levels.

You collected 276 gold pieces.
You spent 195 gold pieces at shops.

Inventory:

Hand Weapons
 r - a +1 hand axe of chopping (weapon)
Armour
 i - a +0 chain mail (worn)
 j - a +2 large shield (worn)
Jewellery
 o - a ring of see invisible (right hand)
 s - a ring of poison resistance (left hand)
Wands
 h - a wand of lightning (12/15)
Scrolls
 f - 3 scrolls of remove curse
Potions
 a - a potion of mutation {unknown}
 b - a potion of resistance {unknown}
 e - 3 potions of heal wounds
 g - a potion of magic {unknown}
 k - a potion of berserk rage {unknown}
 l - a potion of cancellation {unknown}
 m - a potion of agility {unknown}
 n - a potion of degeneration {unknown}
 p - a potion of curing
Comestibles
 c - 2 bread rations
 d - a meat ration


   Skills:
 + Level 4.8 Fighting
 + Level 4.5 Axes
 + Level 3.9 Armour
 + Level 3.6 Dodging


You had 6 spell levels left.
You didn't know any spells.

Dungeon Overview and Level Annotations

Branches:
Dungeon (5/15)             Temple (0/1) D:4

Altars:
Pakellas

Shops:
D:5 =(


Innate Abilities, Weirdness & Mutations

You have hoof-like feet.
You are partially covered in molten scales (AC +1).
A weak demonic guardian rushes to your aid.
You are slightly more attuned to the shadows.


Message History

You are too injured to fight recklessly!
You are too injured to fight recklessly!
You are too injured to fight recklessly!
You are too injured to fight recklessly!
You are too injured to fight recklessly!
You are too injured to fight recklessly!
You are too injured to fight recklessly!
You are too injured to fight recklessly!
Unknown command.
You hit the ogre. You kick the ogre, but do no damage.
The ogre is severely wounded.
You block the ogre's attack.
Your shield and chain mail prevent you from hitting the ogre.
The ogre is severely wounded.
The ogre hits you with a giant club!!
* * * LOW HITPOINT WARNING * * *
A red film seems to cover your vision as you go berserk!
You feel yourself moving faster!
You feel mighty!
You feel somewhat more hungry. The ogre hits you with a giant club!
You die...

...# ...## ... ...#.#
>.. ..... .# #.###....#
.# #O#.##.#.# .#
#####@#.##.#.###.####
......5.....#.##......
.###...#..(.......#####
#........####.......
.....................
####.....#+####†.###.#
#........###..#
#........+....###..
##.......###†......


You could see an ogre and a friendly ufetubus.

Vanquished Creatures
  A hungry ghost (D:5)
  An ice beast (D:5)
  An ogre (D:4)
  A crimson imp (D:5)
  An orc priest (D:3)
  Jessica (D:2)
  Robin (D:2)
  6 adders
  An ooze (D:1)
  An adder skeleton (D:5)
  3 worms
  2 dart slugs
  A giant gecko (D:1)
  7 orcs
  6 giant cockroaches
  16 goblins
  6 hobgoblins
  2 quokkas
  4 ball pythons
  6 bats
  8 giant newts
  9 kobolds
  7 rats
92 creatures vanquished.

Vanquished Creatures (collateral kills)
  A jelly (D:5)
1 creature vanquished.

Grand Total: 93 creatures vanquished

Notes
Turn   | Place    | Note
--------------------------------------------------------------
     0 | D:1      | Scarto the Demonspawn Berserker began the quest for the Orb.
     0 | D:1      | Reached XP level 1. HP: 18/18 MP: 1/1
   402 | D:1      | Gained mutation: You have large cloven feet. [demonic ancestry]
   402 | D:1      | Reached XP level 2. HP: 23/24 MP: 2/2
   887 | D:2      | Gained mutation: You have hoof-like feet. [demonic ancestry]
   887 | D:2      | Reached XP level 3. HP: 23/29 MP: 3/3
  1099 | D:2      | Noticed Jessica
  1110 | D:2      | Killed Jessica
  1110 | D:2      | Reached ** piety under Trog
  1110 | D:2      | Gained mutation: You are slightly more attuned to the shadows. [demonic ancestry]
  1110 | D:2      | Reached XP level 4. HP: 36/36 MP: 4/4
  1260 | D:2      | Noticed Robin
  1274 | D:2      | Killed Robin
  1471 | D:2      | Reached *** piety under Trog
  1785 | D:3      | Found an oddly glowing altar of Pakellas.
  1968 | D:3      | Gained mutation: You are partially covered in molten scales (AC +1). [demonic ancestry]
  1968 | D:3      | Reached XP level 5. HP: 42/42 MP: 5/5
  2710 | D:4      | Found a staircase to the Ecumenical Temple.
  3246 | D:4      | Noticed an ogre
  3254 | D:4      | Killed an ogre
  3254 | D:4      | Reached XP level 6. HP: 28/49 MP: 6/6
  3311 | D:5      | Entered Level 5 of the Dungeon
  3362 | D:5      | Found Temilyoth's Antique Weapon Boutique.
  3398 | D:5      | Noticed a hungry ghost
  3440 | D:5      | Killed a hungry ghost
  3477 | D:5      | Noticed an ice beast
  3483 | D:5      | Killed an ice beast
  3483 | D:5      | Gained mutation: A weak demonic guardian rushes to your aid. [demonic ancestry]
  3483 | D:5      | Reached XP level 7. HP: 55/55 MP: 7/7
  3558 | D:5      | Found Zuuc's Jewellery Boutique.
  3562 | D:5      | Bought an uncursed ring of see invisible for 195 gold pieces
  3613 | D:5      | Mangled by an ogre

Skill      XL: |  1  2  3  4  5 |
---------------+----------------+-----
Armour         | 2 3 |  3.9
Axes           | 3 4 |  4.5
Dodging        | 2 3 |  3.6
Fighting       | 4 |  4.8

Action                   |  1- 3 |  4- 6 |  7- 9 || total
-------------------------+-------+-------+-------++-------
Melee: Hand axe          |    88 |   196 |    27 ||   311
       Kick              |    18 |    44 |     8 ||    70
Invok: Berserk           |     1 |     3 |     1 ||     5
  Use: Scroll            |       |    10 |       ||    10
 Stab: Sleeping          |     1 |       |       ||     1
  Eat: Chunk             |     1 |     9 |       ||    10
       Bread ration      |       |     2 |       ||     2
       Meat ration       |       |     1 |       ||     1
Armor: Animal skin       |     4 |       |       ||     4
       Chain mail        |    45 |    97 |    14 ||   156
Dodge: Dodged            |    36 |    36 |     4 ||    76
Block: Large shield      |       |    83 |    17 ||   100
